 Dungeon Crawl Stone Soup version 0.30-a0-368-g86fb4627a9 (webtiles) character file.

Game seed: 14381220516691033568

65 Tocho the Chopper (level 3, -16/33 HPs)
             Began as a Minotaur Fighter on Nov 20, 2022.
             Demolished by an orc warrior
             ... wielding a +0 battleaxe
              (18 damage)
             ... on level 3 of the Dungeon.
             The game lasted 00:02:42 (1671 turns).

Tocho the Chopper (Minotaur Fighter)                Turns: 1671, Time: 00:02:43

Health: -16/33     AC:  5    Str: 20    XL:     3   Next: 94%
Magic:  2/2        EV: 11    Int:  7    God:
Gold:   113        SH:  0    Dex:  9    Spells: 2/2 levels left

rFire   + . .      SeeInvis .    a - +0 war axe
rCold   + . .      Faith    .    (no shield)
rNeg    . . .      Spirit   .    g - +2 robe {Archmagi}
rPois   .          Reflect  .    (helmet restricted)
rElec   .          Harm     .    l - scarf {rC+ rF+}
rCorr   .          Rampage  .    r - +0 pair of gloves
Will    .....      Archmagi +    (no boots)
Stlth   +.........               (no amulet)
HPRegen 0.25/turn                p - +4 ring of slaying
MPRegen 0.08/turn                (no ring)

@: mighty
A: horns 2, retaliatory headbutt
a: no special abilities


You were on level 3 of the Dungeon.
You visited 1 branch of the dungeon, and saw 3 of its levels.

You collected 113 gold pieces.

Inventory:

Hand Weapons
 a - a +0 war axe (weapon)
Armour
 b - a +0 scale mail
 c - a +0 buckler
 g - a +2 robe of the Archmagi (worn)
 l - a scarf of resistance (worn)
 r - a +0 pair of gloves (worn)
Jewellery
 j - a ring of fire
 k - a ring of poison resistance
 p - a +4 ring of slaying (left hand)
Scrolls
 f - a scroll of fear {unknown}
 i - a scroll of amnesia {unknown}
 n - 2 scrolls of poison {unknown}
 q - 5 scrolls of enchant armour {unknown}
 s - a scroll of identify {unknown}
 t - 4 scrolls of blinking {unknown}
Potions
 e - 2 potions of curing {unknown}
 h - a potion of brilliance {unknown}
 m - 2 potions of attraction {unknown}
 o - a potion of flight {unknown}


   Skills:
 - Level 4.0 Fighting
 + Level 4.6 Axes
 - Level 3.8 Armour
 - Level 3.7 Shields


You had 2 spell levels left.
You didn't know any spells.
Your spell library was empty.

Dungeon Overview and Level Annotations

Branches:
Dungeon (3/15)

Altars:
Elyvilon

Shops:
D:1 !   D:2 (


Innate Abilities, Weirdness & Mutations

You have a pair of horns on your head.
You reflexively headbutt those who attack you in melee.


Message History

You kill the orc!
An orc comes into view. It is wielding a +0 flail.
Things that are here:
a +0 flail; a +0 leather armour; an orc corpse You barely miss the orc warrior.
You headbutt the orc warrior, but do no damage.
The orc warrior barely misses you. The orc warrior closely misses you.
You hit the orc warrior. Your headbutt misses the orc warrior.
The orc warrior is lightly wounded.
You hit the orc but do no damage. The orc misses you.
The orc warrior hits you with a +0 battleaxe.
You barely miss the orc warrior. You headbutt the orc warrior.
The orc warrior is lightly wounded.
You completely miss the orc. The orc closely misses you.
The orc warrior hits you with a +0 battleaxe!
You are too injured to fight recklessly!
You enter the shallow water.
Moving in this stuff is going to be slow.
The orc attacks as you move away! The orc hits you with a +0 flail.
* * * LOW HITPOINT WARNING * * *
The orc barely misses you. The orc attacks as you move away!
The orc misses you. The orc attacks as you move away! The orc misses you.
The orc hits you with a +0 flail.
* * * LOW HITPOINT WARNING * * *
You feel very mighty all of a sudden. The orc closely misses you.
The orc barely misses you.
You barely miss the orc. Your headbutt misses the orc. You slash the orc!
You kill the orc!
The orc hits you with a +0 flail.
* * * LOW HITPOINT WARNING * * *
You hit the orc.
The orc is heavily wounded.
You barely miss the orc warrior. The orc warrior closely misses you.
You furiously retaliate!
You headbutt the orc warrior! The orc hits you with a +0 flail.
* * * LOW HITPOINT WARNING * * *
The orc warrior hits you with a +0 battleaxe!!
Ouch! That really hurt!
You die...

#.#.####≈#.......#
#.#.##≈≈≈#.....).###
#...#≈≈###.......#.♣
#...#≈≈#..........♣♣
#....≈≈............♣
..#).≈≈~.........♣..
#.#~:~..~.......♣♣♣.
#.#o)~.~..###....♣..
#.#@o≈.~..# #..♣...♣
####.#~~~~...# ##♣♣♣.♣♣
#.....~.~~...# ##.♣...♣
#......~≈≈...# #....♣..
#.....~~~~...# #.#.♣♣♣.
####.#..≈~..~###.##.♣..
...#~~~~~.~#...###..♣
#####~.~≈~~...### #.♣♣
##.~.~...## ##.♣


You could see an orc warrior and an orc.

Vanquished Creatures
  2 adders
  2 orcs (D:3)
  2 bats (D:1)
  2 endoplasms (D:2)
  10 giant cockroaches (D:2)
  6 hobgoblins
  2 kobolds
  4 quokkas
  3 ball pythons
  A frilled lizard (D:2)
  2 goblins
  2 rats
38 creatures vanquished.

Notes
Turn   | Place    | Note
-------+----------+-------------------------------------------
     0 | D:1      | Tocho the Minotaur Fighter began the quest for the Orb.
     0 | D:1      | Reached XP level 1. HP: 19/19 MP: 0/0
   173 | D:1      | Found Viemn's Distillery.
   392 | D:1      | Reached XP level 2. HP: 27/27 MP: 1/1
   927 | D:2      | Reached XP level 3. HP: 29/33 MP: 2/2
  1025 | D:2      | Found a white marble altar of Elyvilon.
  1337 | D:2      | Found Poz Zou's Antique Weapon Shoppe.
  1659 | D:3      | Noticed an orc warrior
  1671 | D:3      | Demolished by an orc warrior

Illustrated notes

Levels and vault maps discovered:
D:1:      beargit_arrival_diablo_church, layout_basic, serial_shops, shop,
          lemuel_flame_loot_1
D:2:      minmay_roachtagon, layout_rooms, basic_altar, serial_shops,
          nicolae_lakefront_shop
D:3:      layout_basic, nicolae_uskayaw_en_pointe, minmay_stone_trees_medium,
          chequers_serial_rivers_small_3, kennysheep_doodads

Skill      XL: |  1  2  3 |
---------------+----------+-----
Fighting       | 4 |  4.0
Axes           | 3 4 |  4.6
Armour         | |  3.8
Shields        | |  3.7

Action                   || total
-------------------------++-------
Melee: War axe           ||    68
       Headbutt          ||     7
  Use: Potion            ||     1
Armor: Robe              ||    23
       Scale mail        ||     1
Dodge: Dodged            ||    52

Table legend: (Time is in decaauts)
 A = Elapsed time spent in this place.
 B = Non-inter-level travel time spent in this place.
 C = Inter-level travel time spent in this place.
 D = Time resting spent in this place.
 E = Time spent auto-exploring this place.
 F = Levels seen in this place.
 G = Mean time per level.
                   A        B        C        D        E       F      G
               +--------+--------+--------+--------+--------+-----+--------+
         Total |   1695 |   1646 |     49 |      0 |   1357 |   3 |  565.0 |
       Dungeon |   1695 |   1646 |     49 |      0 |   1357 |   3 |  565.0 |
               +--------+--------+--------+--------+--------+-----+--------+

Top non-repeatable levels by time:
     D:1: 898 daAuts
     D:2: 542 daAuts
     D:3: 254 daAuts
